 Dungeon Crawl Stone Soup version 0.20-a0-1074-g6a0a8e1 (console) character file.

22 pagos the Skirmisher (level 2, 0/24 HPs)
             Began as a Demonspawn Abyssal Knight on Apr 30, 2017.
             Was a Follower of Lugonu.
             Slain by a kobold
             ... wielding a +0 club
              (3 damage)
             ... on level 1 of the Dungeon.
             The game lasted 00:02:17 (706 turns).

pagos the Skirmisher (Demonspawn Abyssal Knight)     Turns: 706, Time: 00:02:18

Health: 0/24       AC:  3    Str: 12    XL:     2   Next: 68%
Magic:  4/4        EV: 11    Int: 13    God:    Lugonu [*.....]
Gold:   18         SH:  0    Dex: 12    Spells: 1/1 levels left

rFire    . . .     SeeInvis .   i - -2 whip (curse)
rCold    . . .     Gourm    .   (no shield)
rNeg     . . .     Faith    .   b - +0 leather armour
rPois    .         Spirit   .   (no helmet)
rElec    .         Reflect  .   (no cloak)
rCorr    .         Harm     .   (no gloves)
MR       .....                  (no boots)
Stlth    +.........             f - amulet of rage
Regen    0.1/turn               (no ring)
MPRegen  0.1/turn               (no ring)

@: no status effects
A: powered by death 1
a: Depart the Abyss, Renounce Religion, Evoke Berserk Rage


You were on level 1 of the Dungeon.
You worshipped Lugonu.
Lugonu was aware of your devotion.
You were not hungry.

You visited 1 branch of the dungeon, and saw 1 of its levels.
You visited the Abyss 1 time.

You collected 18 gold pieces.

Inventory:

Hand Weapons
 a - a +1 mace
 i - a cursed -2 whip (weapon)
Armour
 b - a +0 leather armour (worn)
Jewellery
 f - an amulet of rage (around neck)
Scrolls
 d - 3 scrolls of teleportation
Potions
 g - a potion of resistance
Comestibles
 c - a bread ration
 h - a meat ration


   Skills:
 + Level 3.4 Fighting
 + Level 2.0 Maces & Flails
 + Level 2.0 Armour
 + Level 1.1 Dodging
 + Level 0.2 Stealth
 + Level 2.7 Invocations


You had one spell level left.
You didn't know any spells.

Dungeon Overview and Level Annotations

Branches:
Dungeon (1/15)

Altars:


Innate Abilities, Weirdness & Mutations

You regenerate a little health from kills.


Message History

The rat bites you.
You closely miss the kobold.
The kobold is severely wounded.
The kobold hits you with a club.
* * * LOW HITPOINT WARNING * * *
The rat barely misses you.
You closely miss the kobold.
The kobold is severely wounded.
The rat barely misses you. The kobold hits you but does no damage.
You closely miss the kobold.
The kobold is moderately wounded.
The rat bites you.
* * * LOW HITPOINT WARNING * * *
The kobold hits you with a club.
* * * LOW HITPOINT WARNING * * *
You hit the rat but do no damage. The rat barely misses you.
The kobold hits you but does no damage.
You hit the rat but do no damage. The rat bites you but does no damage.
The kobold hits you with a club.
You die...

..............
..........##.#.#.....#.#
..........##.....†......
.......$.......#.......#
........................
................÷#.#.#.#
....................[...
#$..rK...........#.#.#
#....@................
######.............#.#
#..........##....
#..........####.# ...
########'#....... ....
#.#.####.. # ...
#.#.#####) .. ..#####
#.#.....#. #. #.#...#
#.#...#.#.


You could see a kobold and a rat.

Vanquished Creatures
  2 dart slugs (D:1)
  5 hobgoblins (D:1)
  A kobold (D:1)
  5 bats (D:1)
  A frilled lizard (D:1)
  4 rats (D:1)
18 creatures vanquished.

Notes
Turn   | Place    | Note
-------+----------+-------------------------------------------
     0 | Abyss:1  | pagos the Demonspawn Abyssal Knight began the quest for the Orb.
     0 | Abyss:1  | Reached XP level 1. HP: 18/18 MP: 2/2
    42 | Abyss:2  | Found a corrupted altar of Lugonu.
   108 | Abyss:2  | Noticed a large abomination
   136 | D:1      | Escaped the Abyss
   292 | D:1      | Gained mutation: You regenerate a little health from kills. [demonic ancestry]
   292 | D:1      | Reached XP level 2. HP: 24/24 MP: 4/4
   316 | D:1      | Reached * piety under Lugonu
   320 | D:1      | Reached skill level 1 in Dodging
   706 | D:1      | Slain by a kobold

Vault maps used:
D:1:      dpeg_arrival_line_fractal, corexii_item_surrounded_by_moat,
          hangedman_decor_riveting, minmay_misc_feat_nine_boxes

Skill      XL: |  1  2 |
---------------+-------+-----
Armour         | 2 |  2.0
Dodging        | 1 |  1.1
Maces & Flails | 2 |  2.0
Fighting       | |  3.4
Stealth        | |  0.2
Invocations    | |  2.7

Action                   || total
-------------------------++-------
Melee: Mace              ||    39
       Whip              ||    47
Invok: Depart the Abyss  ||     1
  Use: Scroll            ||     3
Armor: Leather armour    ||    34
Dodge: Dodged            ||    69
